cohdb
Replays
Latest Replays
All Replays
Popular Replays
Top Player Replays
Match Explorer
How It Works
Community
CoH3 Stats
Reddit
Sign in to upload your games and track your stats! →
Sign in with Steam
Match 37351168
Unlisted
Match 37351168
Overview
Messages
Build Orders
End
Pioneer Squad
Construct Infanterie Kompanie
Selects Mechanized Battlegroup
Grenadier Squad
Grenadier Squad
Grenadier Squad
Construct Luftwaffe Kompanie
Selects Raid Package
221 Scout Car
Jäger Squad
Selects Spotting Scopes
Infanterie Officer Quarters
Jäger Squad
Selects StuG Assault Group
Medical Bunker
StuG Assault Group
Selects Wespe Self-propelled Artillery
Wespe Self-propelled Artillery
Flak 30 Anti-aircraft Gun Team
Jäger Squad
Selects Mechanized Assault
Wespe Self-propelled Artillery
Mechanized Assault
Selects Panther Heavy Tank
Pioneer Squad
Panther Heavy Tank
StuG Assault Group
Pioneer Squad
Friya
NickTamAir [Goat Company]
0
0
Comments
sign in to comment!
No comments posted yet!